 Dungeon Crawl Stone Soup version 0.27.1-4-g1640c2035a (webtiles) character file.

Game seed: 6770250781412056163

4803 Crownlay the Geomancer (level 10, -3/59 HPs)
             Began as a Gargoyle Earth Elementalist on Nov 5, 2021.
             Was an Initiate of Vehumet.
             Shot with a sling bullet by Joseph (20 damage)
             ... on level 9 of the Dungeon.
             The game lasted 00:19:13 (11101 turns).

Crownlay the Geomancer (GrEE)                      Turns: 11101, Time: 00:19:14

Health: -3/59      AC:  9    Str: 13    XL:     10   Next: 48%
Magic:  22/22      EV: 11    Int: 18    God:    Vehumet [......]
Gold:   480        SH:  0    Dex: 10    Spells: 21/25 levels left

rFire    . . .     SeeInvis .   f - +0 mace
rCold    . . .     Faith    .   (no shield)
rNeg     + . .     Spirit   .   b - +0 robe
rPois    ∞         Reflect  .   (no helmet)
rElec    +         Harm     .   (no cloak)
rCorr    .         Rampage  .   (no gloves)
Will     .....                  (no boots)
Stlth    ++........             y - amulet of magic regeneration
HPRegen  0.19/turn              (no ring)
MPRegen  0.43/turn              (no ring)

@: about to teleport
A: sickness immunity, AC +7, negative energy resistance 1, electricity
resistance, torment resistance 1, petrification resistance
a: Renounce Religion


You were on level 9 of the Dungeon.
You worshipped Vehumet.
Vehumet was noncommittal.
You visited 2 branches of the dungeon, and saw 10 of its levels.

You collected 480 gold pieces.

Inventory:

Hand Weapons
 f - a +0 mace (weapon)
Missiles
 c - 276 stones
 v - a throwing net
Armour
 b - a +0 robe (worn)
Magical Staves
 l - a staff of death
Jewellery
 y - an amulet of magic regeneration (around neck)
Wands
 r - a wand of charming (5)
Scrolls
 a - 3 scrolls of teleportation
 d - a scroll of acquirement {unknown}
 g - a scroll of blinking {unknown}
 i - 2 scrolls of holy word {unknown}
 j - 5 scrolls of identify {unknown}
 m - a scroll of enchant armour {unknown}
 p - 2 scrolls of magic mapping
 q - 3 scrolls of amnesia {unknown}
 s - a scroll of enchant weapon {unknown}
 x - 2 scrolls of noise {unknown}
Potions
 e - 2 potions of flight {unknown}
 h - 4 potions of heal wounds {unknown}
 k - a potion of mutation {unknown}
 n - a potion of brilliance {unknown}
 o - 6 potions of curing {unknown}
 t - 2 potions of attraction {unknown}
 u - 3 potions of lignification {unknown}
 w - 2 potions of haste {unknown}
 z - a potion of experience {unknown}
 A - a potion of cancellation {unknown}


   Skills:
 - Level 5.0 Fighting
 - Level 1.5 Dodging
 - Level 2.1 Stealth
 - Level 8.0 Spellcasting
 + Level 7.1 Conjurations
 - Level 0.7 Transmutations
 - Level 10.0 Earth Magic
 - Level 5.0 Evocations


You had 21 spell levels left.
You knew the following spells:

 Your Spells              Type           Power      Damage    Failure   Level
a - Sandblast             Erth           86%        2d18      1%          1
b - Stone Arrow           Conj/Erth      76%        3d11      1%          3

Your spell library contained the following spells:

 Spells                   Type           Power      Damage    Failure   Level
 Passwall                 Tmut/Erth      21%        N/A       1%          2
 Summon Small Mammal      Summ           28%        N/A       10%         1
 Mephitic Cloud           Conj/Pois/Air  15%        N/A       11%         3
 Petrify                  Tmut/Erth      26%        N/A       11%         4
 Ignite Poison            Fire/Tmut/Pois 8%         N/A       26%         3
 Bolt of Magma            Conj/Fire/Erth 13%        4d8       26%         5
 Call Canine Familiar     Summ           7%         N/A       28%         3
 Gell's Gravitas          Tloc           3%         N/A       28%         3
 Lesser Beckoning         Tloc           3%         N/A       28%         3
 Summon Guardian Golem    Hex/Summ       7%         N/A       28%         3
 Teleport Other           Tloc           7%         N/A       28%         3


Dungeon Overview and Level Annotations

Branches:
Dungeon (9/15)             Temple (1/1) D:6             Orc (0/2) D:9
   Lair: D:8-11

Altars:
Ashenzari
Cheibriados
Dithmenos
Kikubaaqudgha
Nemelex Xobeh
Qazlal
Sif Muna
Trog
Uskayaw
Vehumet
Wu Jian
Zin
The Shining One

Shops:
D:3 =   D:4 (

Annotations:
D:9 Joseph


Innate Abilities, Weirdness & Mutations

You are immune to sickness and miasma.
Your stone body is resilient. (AC +7)
You are immune to poison.
You resist negative energy. (rN+)
You are resistant to electric shocks. (rElec)
You are resistant to unholy torment.
You are immune to petrification.


Message History

The blast of sand hits the howler monkey!
You kill the howler monkey!
Vehumet accepts your kill.
You see here a howler monkey corpse.
Found a stone staircase leading down.
Things that are here:
a +0 giant club; a +0 giant spiked club
Found a smoky yellow potion.
o - 6 smoky yellow potions (gained 1)
Found an amethyst potion.
A - an amethyst potion You now have 480 gold pieces (gained 11).
There is a stone staircase leading up here.
You see here a howler monkey corpse.
Things that are here:
a +0 giant club; a +0 giant spiked club
Found a robe.
You see here a +0 robe.
Found a smoky black potion.
Joseph shouts!
Joseph unwields a +0 quarterstaff.
Joseph wields a +5 hunting sling of freezing.
It is covered in frost.
Joseph shoots a sling bullet.
The sling bullet hits you!! The sling bullet freezes you!
Aiming: Sandblast (safe; 1% risk of failure)
Press: ? - help, Q - select action, (/) - cycle Shift-Dir - straight line, f - you
Okay, then.
Aiming: Charm
Press: ? - help, Shift-Dir - straight line, f - Joseph
Aim: Joseph, wielding a +5 hunting sling of freezing, wearing a +0 ring mail and quivering sling bullets (chance to affect: 43%) Joseph resists with some effort.
Joseph shoots a sling bullet.
The sling bullet hits you! The sling bullet freezes you.
* * * LOW HITPOINT WARNING * * *
Okay, then.
Okay, then.
Okay, then.
As you read the scroll of teleportation, it crumbles to dust.
You feel strangely unstable.
Joseph shoots a sling bullet.
The sling bullet hits you!!
You die...

####.####. #.# .. #.^..!....
#y##.# #.# #. ....#. #.##.#
#. ##..#.# #.##.# #.##
.....# #.##.# ..# ###..###
#.##.# #.# #..<.... #.##.#
###.### #.#..### #.##.#
#...@.#### #.#..#
#.##.###.###....#####.#..#
#........# #..#.@..†..#..###
###.####.###.......####.....
#.# #.....#.......##.####
#.# ###.###........†.# #.#
##.# #.......#### #.# #..#
#.#...### #.# #.## #.#...#


You could see Joseph.

Vanquished Creatures
  2 two-headed ogres (D:9)
  A wyvern (D:8)
  A wraith (D:9)
  Grum (D:9)
  3 water moccasins
  An orc warrior (D:8)
  An ice beast (D:6)
  A necrophage (D:8)
  2 ogres
  4 wolves (D:9)
  A phantom (D:5)
  3 bullfrogs
  2 scorpions (D:5)
  2 water moccasin skeletons (D:5)
  8 killer bees
  4 howler monkeys
  2 centaur zombies (D:9)
  2 bullfrog zombies (D:5)
  3 jellies
  A bullfrog skeleton (D:5)
  5 hounds
  3 orc priests
  2 gnoll shamans
  A centaur skeleton (D:6)
  4 iguanas
  An orc wizard (D:5)
  A killer bee zombie (D:6)
  2 howler monkey zombies
  13 gnolls
  A howler monkey skeleton (D:6)
  4 adders
  A shadow imp (D:5)
  A white imp (D:5)
  An ufetubus (D:4)
  3 worms
  4 dart slugs
  14 orcs
  8 ball pythons
  10 endoplasms
  2 giant cockroaches (D:2)
  12 goblins
  16 hobgoblins
  5 jackals
  5 quokkas
  8 bats
  4 frilled lizards
  6 kobolds
  2 rats
184 creatures vanquished.

Vanquished Creatures (others)
  A fungus (D:2)
1 creature vanquished.

Grand Total: 185 creatures vanquished

Notes
Turn   | Place    | Note
-------+----------+-------------------------------------------
     0 | D:1      | Crownlay the Gargoyle Earth Elementalist began the quest
                  | for the Orb.
     0 | D:1      | Reached XP level 1. HP: 10/10 MP: 3/3
   297 | D:1      | Reached XP level 2. HP: 15/15 MP: 3/5
   422 | D:1      | Reached skill level 4 in Earth Magic
   545 | D:1      | Reached XP level 3. HP: 12/19 MP: 7/7
  2032 | D:2      | Reached XP level 4. HP: 22/24 MP: 9/9
  2225 | D:2      | Noticed an ogre
  2233 | D:2      | Killed an ogre
  2234 | D:2      | Reached XP level 5. HP: 28/28 MP: 5/11
  2285 | D:2      | Learned a level 3 spell: Stone Arrow
  2739 | D:2      | Reached skill level 5 in Earth Magic
  3129 | D:2      | Found a faded altar of an unknown god.
  3878 | D:3      | Reached XP level 6. HP: 28/32 MP: 13/13
  3970 | D:3      | Found Annukkiq's Jewellery Boutique.
  5030 | D:4      | Reached skill level 5 in Spellcasting
  5246 | D:4      | Reached XP level 7. HP: 36/36 MP: 13/15
  5311 | D:4      | Found Bep Oly's Weapon Boutique.
  5318 | D:4      | Reached skill level 6 in Earth Magic
  5686 | D:5      | Entered Level 5 of the Dungeon
  6010 | D:5      | Reached skill level 7 in Earth Magic
  6010 | D:5      | Reached XP level 8. HP: 24/41 MP: 11/18
  6258 | D:5      | Found a shadowy altar of Dithmenos.
  7364 | D:6      | Found a staircase to the Ecumenical Temple.
  7378 | D:6      | Reached skill level 8 in Earth Magic
  7463 | Temple   | Entered the Ecumenical Temple
  7539 | Temple   | Became a worshipper of Vehumet
  8096 | D:6      | Reached skill level 9 in Earth Magic
  8320 | D:7      | Reached XP level 9. HP: 45/45 MP: 6/21
  8703 | D:7      | Reached skill level 1 in Fighting
  8718 | D:7      | Reached skill level 1 in Evocations
  9140 | D:8      | Reached skill level 10 in Earth Magic
  9359 | D:8      | Found an ornate altar of the Wu Jian Council.
  9384 | D:8      | Found a glowing silver altar of Zin.
  9385 | D:8      | Found a sparkling altar of Nemelex Xobeh.
  9665 | D:8      | Found a stormy altar of Qazlal.
  9991 | D:9      | Noticed Grum
  9998 | D:9      | Reached skill level 1 in Conjurations
 10005 | D:9      | Killed Grum
 10262 | D:9      | Reached XP level 10. HP: 58/58 MP: 19/22
 10316 | D:9      | Noticed a two-headed ogre
 10328 | D:9      | Killed a two-headed ogre
 10329 | D:9      | Reached skill level 5 in Fighting
 10329 | D:9      | Reached skill level 5 in Conjurations
 10329 | D:9      | Reached skill level 5 in Evocations
 10366 | D:9      | Noticed Joseph
 10743 | D:9      | Found a staircase to the Orcish Mines.
 10767 | D:9      | Noticed a two-headed ogre
 10772 | D:9      | Killed a two-headed ogre
 11101 | D:9      | Shot with a sling bullet by Joseph

Illustrated notes

Levels and vault maps discovered:
D:1:      dpeg_arrival_morbid_curiosity, layout_rooms,
          chequers_serial_rivers_micro_b
D:2:      layout_rooms, shapermc_ecumenical_altar_hornbeckon,
          serial_co_window_serial, co_window_corner_a, co_window_paths_b,
          co_window_paths_a, co_window_paths_a, co_window_corner_a,
          co_window_of_opportunity_c, co_window_unsneaky_path_e,
          co_window_unsneaky_path_a, co_window_corner_cb, co_window_corner_cb,
          co_window_4corner_a, co_window_paths_d, glass_columns_b,
          glass_columns_c, glass_columns_c, glass_columns_a, glass_columns_a,
          minmay_misc_feat_rugged, minmay_joined_circles
D:3:      layout_basic, serial_shops, shop
D:4:      layout_rooms, serial_glass, glass_columns_a, glass_columns_b,
          serial_shops, shop
D:5:      layout_loops_cross, minmay_strange_pillars, minmay_ruined_shrine
D:6:      layout_basic, minmay_temple_entry_large_hall, serial_glass,
          glass_columns_b, glass_columns_b
D:7:      layout_gridville
D:8:      layout_gridville, mainiacjoe_overflow_brackets, lemuel_crystal_altar,
          mainiacjoe_overflow_divided_tiny
D:9:      lemuel_flame_loot_2, layout_loops_ring, uniq_grum, uniq_joseph
Temple:   dpeg_five_rooms_temple

Skill      XL: |  1  2  3  4  5  6  7  8  9 10 |
---------------+-------------------------------+-----
Earth Magic    | 4 5 7 9 10 | 10.0
Spellcasting   | 3 4 5 6 8 |  8.0
Fighting       | 4 5 |  5.0
Evocations     | 4 5 |  5.0
Conjurations   | 2 7 |  7.1
Dodging        | |  1.5
Stealth        | |  2.1
Transmutations | |  0.7

Action                   |  1- 3 |  4- 6 |  7- 9 | 10-12 || total
-------------------------+-------+-------+-------+-------++-------
Melee: Club              |    23 |       |       |       ||    23
       Unarmed           |     3 |       |       |       ||     3
       Mace              |    95 |   148 |     1 |       ||   244
 Cast: Sandblast         |    19 |    39 |   168 |    22 ||   248
       Stone Arrow       |       |       |    25 |     8 ||    33
Evoke: Wand              |       |       |       |     1 ||     1
  Use: Scroll            |       |       |     2 |     1 ||     3
 Stab: Sleeping          |     3 |     5 |       |       ||     8
Armor: Robe              |    60 |    87 |    24 |     2 ||   173
Dodge: Dodged            |   112 |   111 |    42 |     7 ||   272
